 Dungeon Crawl Stone Soup version 0.21.1-1-g345015f (webtiles) character file.

207 theblackcape the Conjurer (level 5, 0/24 HPs)
             Began as a Spriggan Conjurer on June 28, 2018.
             Succumbed to a kobold's poison
             ... in a sewer.
             The game lasted 00:16:17 (2665 turns).

theblackcape the Conjurer (Spriggan Conjurer)       Turns: 2665, Time: 00:16:17

Health: 0/24       AC:  2    Str:  4    XL:     5   Next: 54%
Magic:  2/12       EV: 18    Int: 20    God:
Gold:   152        SH:  0    Dex: 17    Spells: 9/12 levels left

rFire    . . .     SeeInvis +   h - +0 dagger
rCold    . . .     Gourm    .   (shield restricted)
rNeg     . . .     Faith    .   a - +0 robe
rPois    .         Spirit   .   (helmet restricted)
rElec    .         Reflect  .   (no cloak)
rCorr    .         Harm     .   (gloves unavailable)
MR       .....                  (boots unavailable)
Stlth    +.........             (no amulet)
HPRegen  0.08/turn              k - +3 ring of intelligence
MPRegen  0.13/turn              (no ring)

@: lethally poisoned (0 -> -5), very slightly contaminated, slow
A: very small, unfitting armour, see invisible, herbivore, speed 3, slow
metabolism 2
a: no special abilities


You were in a sewer.
You were not hungry.

You visited 1 branch of the dungeon, and saw 3 of its levels.
You also visited: Sewer.

You collected 152 gold pieces.

Inventory:

Hand Weapons
 h - a +0 dagger (weapon)
Missiles
 i - 74 stones (quivered)
Armour
 a - a +0 robe (worn)
Jewellery
 k - a +3 ring of intelligence (left hand)
Scrolls
 d - 2 scrolls of immolation {unknown}
 e - 2 scrolls of remove curse {unknown}
 f - a scroll of amnesia {unknown}
 l - 2 scrolls of identify {unknown}
 m - a scroll of teleportation {unknown}
 o - a scroll of blinking {unknown}
Potions
 g - a potion of agility {unknown}
 j - a potion of ambrosia {unknown}
Books
 b - a book of Conjurations

   Spells                             Type                      Level
   a - Magic Dart                     Conjuration                  1
   b - Searing Ray                    Conjuration                  2
   c - Dazzling Spray                 Conjuration/Hexes            3
   d - Fulminant Prism                Conjuration/Hexes            4
   e - Force Lance                    Conjuration/Translocation    4
   f - Iskenderun's Mystic Blast      Conjuration                  4
 n - a book of Minor Magic

   Spells                             Type                      Level
   a - Magic Dart                     Conjuration                  1
   b - Blink                          Translocation                2
   c - Call Imp                       Summoning                    2
   d - Slow                           Hexes                        2
   e - Conjure Flame                  Conjuration/Fire             3
   f - Mephitic Cloud                 Conjuration/Poison/Air       3
Comestibles
 c - 3 rations


   Skills:
 + Level 0.3 Short Blades
 + Level 3.3 Dodging
 - Level 3.0 Stealth
 + Level 4.2 Spellcasting
 * Level 4.6 Conjurations


You had 9 spell levels left.
You knew the following spells:

 Your Spells              Type           Power        Failure   Level  Hunger
a - Magic Dart            Conj           ###.         1%          1    None
b - Searing Ray           Conj           ###...       2%          2    #......


Dungeon Overview and Level Annotations

Branches:
Dungeon (3/15)

Altars:


Innate Abilities, Weirdness & Mutations

You are very small and have problems with some larger weapons.
You are too small for most types of armour.
You have supernaturally acute eyesight. (SInv)
You are a herbivore.
You cover ground extremely quickly.
You need consume almost no food.


Message History

The kobold hits you but does no damage. The big kobold barely misses you.
You closely miss the kobold.
The kobold is severely wounded.
* * * LOW HITPOINT WARNING * * *
You feel sick. The kobold barely misses you.
The big kobold splashes around in the water.
Your unstable footing causes you to fumble your attack.
* * * LOW HITPOINT WARNING * * *
You feel sick. The kobold closely misses you. The big kobold barely misses you.
You hit the kobold.
You kill the kobold!
You hear a splash.
The big kobold splashes around in the water.
* * * LOW HITPOINT WARNING * * *
You feel sick.
Things that are here:
a dagger; a kobold corpse
* * * LOW HITPOINT WARNING * * *
You feel sick.
You die...

########...(.....
#####!...#...........
#.∩.#.!..'K..........
#.∩.#!∩KK'K(≈≈≈≈.P...
#...#....#KP≈≈≈≈.....
###'########≈)######
#≈≈≈≈(≈(((≈≈≈≈≈≈≈≈≈≈≈
#≈≈≈≈≈≈≈≈≈≈≈≈≈≈≈≈≈≈≈≈
#≈≈≈≈)K)K≈≈@≈≈≈≈≈≈≈≈≈
#################≈≈≈#
≈≈P≈ ≈.. ..


You could see a big kobold and a kobold.

Vanquished Creatures
  A big kobold (Sewer)
  6 adders
  A worm (D:2)
  A dart slug (D:1)
  2 leopard geckos
  An orc (D:3)
  4 ball pythons
  12 bats
  7 giant cockroaches
  9 hobgoblins
  4 jackals (D:2)
  A quokka (D:1)
  A frilled lizard (D:1)
  7 goblins
  9 kobolds
  4 rats
70 creatures vanquished.

Notes
Turn   | Place    | Note
-------+----------+-------------------------------------------
     0 | D:1      | theblackcape the Spriggan Conjurer began the quest for the Orb.
     0 | D:1      | Reached XP level 1. HP: 9/9 MP: 5/5
   255 | D:1      | Reached XP level 2. HP: 13/13 MP: 0/6
  1088 | D:2      | Reached XP level 3. HP: 16/16 MP: 1/8
  1725 | D:2      | Reached XP level 4. HP: 21/21 MP: 5/10
  2100 | D:2      | Learned a level 2 spell: Searing Ray
  2532 | D:3      | Found a glowing drain.
  2584 | Sewer    | Entered a sewer
  2602 | Sewer    | Noticed a big kobold
  2602 | Sewer    | Noticed a big kobold
  2617 | Sewer    | Reached XP level 5. HP: 22/24 MP: 9/11
  2663 | Sewer    | HP: 1/24 [poisoned by a kobold]
  2665 | Sewer    | Succumbed to a kobold's poison

Skill      XL: |  1  2  3  4  5 |
---------------+----------------+-----
Conjurations   | 3 4 |  4.6
Spellcasting   | 3 4 |  4.2
Short Blades   | |  0.3
Dodging        | |  3.3
Stealth        | |  3.0

Action                   |  1- 3 |  4- 6 || total
-------------------------+-------+-------++-------
Melee: Dagger            |     5 |    15 ||    20
Throw: Stone             |     5 |    12 ||    17
 Cast: Magic Dart        |   111 |    72 ||   183
       Searing Ray       |       |     3 ||     3
Armor: Robe              |     4 |     4 ||     8
Dodge: Dodged            |    35 |    42 ||    77
